AoeStats
← Thebeast2810

African Clearing

505031884Analyzed
4v4 RM · 26d ago on Sep 7, 2026· 46m 18s· 8 players
Game mode
Random Map
Map size
Large (8 player)
Population
200
Speed
Normal
Resources
Standard
Victory
Conquest
Starting age
Dark Age
Ending age
Imperial Age
RankedLock teamsTeams togetherTeam positionsShared explorationLock speedFull tech treeHidden civsTurbo modeCheats
Victory
Defeat
🇪🇸 Huns · Spain
1077
+14
🇫🇷 Armenians · France
1037
+16
🇳🇱 Teutons · Netherlands
1028
+16
🇨🇳 Vikings · China
1025
+16
🇨🇦 Khmer · Canada
1078
-17
🇨🇦 Romans · Canada
1076
-17
🇧🇷 Ethiopians · Brazil
1000
-42
🇨🇳 Italians · China
986
-14
Pegasus75
5:52 Loom
15:49 Feudal Age
15:51 Man-at-Arms
16:40 Long Swordsman
39:25 Double-Bit Axe
42:07 Wheelbarrow
45:22 Castle Age
LokillO!
5:05 Loom
14:36 Feudal Age
17:04 Bloodlines
16:42 Town Watch
17:47 Scale Barding Armor
18:43 Wheelbarrow
17:53 Fishing Lines
18:54 Forging
20:18 Gold Mining
20:18 Stone Mining
25:17 Castle Age
26:30 Hand Cart
27:30 Double-Bit Axe
28:26 Husbandry
29:54 Horse Collar
31:15 Town Patrol
32:19 Fletching
34:01 Chain Barding Armor
34:13 Marauders
36:40 Iron Casting
41:16 Imperial Age
39:27 Bodkin Arrow
40:41 Gold Shaft Mining
40:17 Bow Saw
40:09 Heavy Plow
41:05 Murder Holes
42:32 Plate Barding Armor
45:28 Blast Furnace
45:08 Elite Tarkan
46:09 Conscription
taisho84
9:51 Loom
17:32 Feudal Age
17:59 Double-Bit Axe
18:32 Horse Collar
24:55 Castle Age
22:55 Stone Mining
27:25 Bow Saw
29:45 Heavy Plow
37:21 Imperial Age
34:39 Pikeman
37:23 Masonry
37:05 Fletching
37:16 Scale Mail Armor
37:26 Forging
39:36 Chemistry
40:05 Crenellations
39:50 Gold Mining
39:52 Halberdier
40:34 Squires
41:42 Conscription
42:29 Two-Man Saw
43:23 Arson
44:28 Iron Casting
44:14 Chain Mail Armor
45:10 Hoardings
45:41 Ballistics
45:21 Bodkin Arrow
张维为
13:20 Feudal Age
11:44 Loom
13:30 Feudal Age
14:59 Double-Bit Axe
18:02 Castle Age
23:28 Stone Mining
23:29 Gold Mining
23:31 Horse Collar
30:15 Scale Mail Armor
30:25 Forging
33:01 Imperial Age
30:18 Town Watch
31:19 Heavy Plow
30:46 Pikeman
31:27 Squires
32:09 Chain Mail Armor
32:30 Iron Casting
32:48 Bow Saw
33:15 Chieftains
34:29 Plate Mail Armor
36:24 Two-Man Saw
35:57 Crop Rotation
36:05 Gold Shaft Mining
35:16 Capped Ram
37:00 Siege Ram
38:15 Conscription
37:19 Elite Berserk
39:18 Blast Furnace
42:13 Siege Engineers
41:50 Treadmill Crane
beinl
4:44 Loom
14:10 Feudal Age
15:55 Double-Bit Axe
19:35 Gold Mining
25:40 Fletching
25:50 Padded Archer Armor
29:23 Castle Age
29:38 Crossbowman
31:46 Horse Collar
32:18 Bow Saw
35:13 Leather Archer Armor
34:54 Bodkin Arrow
39:42 Heavy Plow
Thebeast2810
6:45 Loom
12:59 Feudal Age
17:50 Castle Age
16:35 Double-Bit Axe
19:01 Bow Saw
23:18 Horse Collar
28:29 Wheelbarrow
30:52 Ballistics
32:22 Hand Cart
35:04 Heavy Plow
37:36 Imperial Age
36:59 Ballistas
39:30 Chemistry
38:37 Siege Engineers
37:57 Heavy Scorpion
40:32 Fortified Wall
40:33 Masonry
43:27 Conscription
43:16 Fletching
43:27 Padded Archer Armor
43:59 Architecture
43:25 Murder Holes
aymoredsox
12:14 Feudal Age
16:28 Loom
19:16 Castle Age
17:38 Double-Bit Axe
17:44 Horse Collar
26:40 Wheelbarrow
31:14 Hand Cart
34:57 Imperial Age
33:27 Ballistics
36:33 Conscription
44:19 Light Cavalry
Tasmanian Devil
7:39 Loom
18:14 Feudal Age
23:47 Castle Age
23:12 Double-Bit Axe
37:48 Bow Saw
38:22 Horse Collar
41:32 Gold Mining
42:46 Padded Archer Armor
44:13 Fletching
45:33 Bodkin Arrow
45:54 Leather Archer Armor
Connection lost

Rejoining the realm…

Still unreachable

The connection could not be restored.

Session expired

The server has moved on; the page needs a fresh start.